 Dungeon Crawl Stone Soup version 0.27.1-1-g398f81649c (webtiles) character file.

Game seed: 11214253129128508059

11 nxtlvl the Ruffian (level 2, -1/23 HPs)
             Began as a Minotaur Transmuter on Sept 18, 2021.
             Slain by a goblin (3 damage)
             ... on level 1 of the Dungeon.
             The game lasted 00:00:20 (31 turns).

nxtlvl the Ruffian (Minotaur Transmuter)              Turns: 31, Time: 00:00:21

Health: -1/23      AC:  2    Str: 14    XL:     2   Next: 13%
Magic:  1/3        EV: 12    Int: 10    God:
Gold:   0          SH:  0    Dex: 10    Spells: 2/3 levels left

rFire    . . .     SeeInvis .     - Unarmed
rCold    . . .     Faith    .   (no shield)
rNeg     . . .     Spirit   .   a - +0 robe
rPois    .         Reflect  .   (helmet restricted)
rElec    .         Harm     .   (no cloak)
rCorr    .         Rampage  .   (no gloves)
Will     .....                  (no boots)
Stlth    +.........             (no amulet)
HPRegen  0.07/turn              (no ring)
MPRegen  0.08/turn              (no ring)

@: no status effects
A: horns 2, retaliatory headbutt
a: no special abilities


You were on level 1 of the Dungeon.
You visited 1 branch of the dungeon, and saw 1 of its levels.

Inventory:

Armour
 a - a +0 robe (worn)
Scrolls
 b - a scroll of immolation {unknown}
 c - a scroll of enchant weapon {unknown}


   Skills:
 - Level 1.2 Fighting
 - Level 2.1 Dodging
 * Level 4.0 Unarmed Combat
 - Level 1.3 Spellcasting
 - Level 1.5 Transmutations


You had 2 spell levels left.
You knew the following spells:

 Your Spells              Type           Power      Damage    Failure   Level
a - Beastly Appendage     Tmut           6%         N/A       19%         1

Your spell library contained the following spells:

 Spells                   Type           Power      Damage    Failure   Level
 Wereblood                Tmut           3%         N/A       26%         2
 Spider Form              Tmut/Pois      1%         N/A       58%         3
 Ice Form                 Ice/Tmut       2%         N/A       94%         4


Dungeon Overview and Level Annotations

Branches:
Dungeon (1/15)

Altars:


Innate Abilities, Weirdness & Mutations

You have a pair of horns on your head.
You reflexively headbutt those who attack you in melee.


Message History

The gnoll shouts!
Your transformation is almost over.
A frilled lizard comes into view.
The frilled lizard hisses angrily.
The gnoll completely misses you. The gnoll hits you with a +0 spear.
You closely miss the gnoll. Your kick misses the gnoll.
The gnoll hits you with a +0 spear.
You closely miss the gnoll. Your headbutt misses the gnoll.
The gnoll hits you with a +0 spear.
* * * LOW HITPOINT WARNING * * *
The frilled lizard barely misses you. You furiously retaliate!
You headbutt the frilled lizard!
You kill the frilled lizard!
You completely miss the gnoll. You claw the gnoll!
The gnoll is heavily wounded.
The gnoll barely misses you.
You hit the gnoll. You claw the gnoll.
You kill the gnoll!
Your Unarmed Combat skill increases to level 4!
You have reached level 2!
Your talons disappear.
b - a scroll labelled USOTIZASIDGH
c - a scroll labelled JIMI HARGHEBIA A goblin comes into view.
It is wielding a +0 dagger.
The goblin shouts!
The goblin moves out of view.
You barely miss the goblin. The goblin closely misses you.
You closely miss the goblin. The goblin barely misses you.
You miss the goblin. Your headbutt misses the goblin.
The goblin hits you with a +0 dagger.
* * * LOW HITPOINT WARNING * * *
You barely miss the goblin. The goblin misses you.
You barely miss the goblin. Your headbutt misses the goblin.
The goblin hits you with a +0 dagger.
* * * LOW HITPOINT WARNING * * *
You hit the goblin. Your headbutt misses the goblin.
The goblin is severely wounded.
The goblin hits you with a +0 dagger.
You die...

##...##
#P...P#
##...##
#...#
#...#
#.)†#
#...#
#...#
##@##
#g# ..#
....
#.###
.# ..
##


You could see a goblin.

Vanquished Creatures
  A gnoll (D:1)
  A frilled lizard (D:1)
2 creatures vanquished.

Notes
Turn   | Place    | Note
-------+----------+-------------------------------------------
     0 | D:1      | nxtlvl the Minotaur Transmuter began the quest for the Orb.
     0 | D:1      | Reached XP level 1. HP: 16/16 MP: 1/1
    18 | D:1      | Reached skill level 4 in Unarmed Combat
    18 | D:1      | Reached XP level 2. HP: 5/23 MP: 0/3
    31 | D:1      | Slain by a goblin

Illustrated notes

Levels and vault maps discovered:
D:1:      minmay_arrival_plants_in_alcoves, layout_loops_cross, hex_large,
          minmay_misc_feat_doors

Skill      XL: |  1 |
---------------+----+-----
Unarmed Combat | 4 |  4.0
Fighting       | |  1.2
Dodging        | |  2.1
Spellcasting   | |  1.3
Transmutations | |  1.5

Action                   || total
-------------------------++-------
Melee: Unarmed           ||    10
       Kick              ||     2
 Cast: Beastly Appendage ||     1
Dodge: Dodged            ||     6
